Map: Abyssal Reef LE

Players

DnS

  • Race: Protoss Protoss
  • Spawn Location: 11:00

SpeCial - Winner!

  • Race: Terran Terran
  • Spawn Location: 5:00

Event: WCS Montreal 2017

VOD

Have the link to the VOD?

Description

Time

  • Played on: Sept. 8, 2017, 2:14 p.m.
  • Length: 9:19

All games in this series

Show
View Real Time Build Order
Export as new Build Order

DnS Protoss 

Build Orders: 1 Gate Expand, Oracle Opening 

Get SALT Encoding   

  12  0:01  Probe (Chrono Boost)  
  13  0:11  Probe (Chrono Boost)  
  14  0:18  Pylon  
  14  0:22  Probe (Chrono Boost)  
  15  0:36  Probe (Chrono Boost)  
  15  0:37  Gateway  
  16  0:47  Probe (Chrono Boost)  
  16  0:48  Assimilator  
  17  0:57  Probe (Chrono Boost)  
  18  1:08  Probe (Chrono Boost)  
  19  1:21  Nexus  
  19  1:24  Probe (Chrono Boost)  
  20  1:35  Cybernetics Core  
  20  1:36  Probe (Chrono Boost)  
  21  1:45  Assimilator  
  21  1:47  Probe (Chrono Boost)  
  21  1:52  Pylon  
  22  1:58  Probe (Chrono Boost)  
  23  2:10  Probe  
  23  2:11  Adept (Chrono Boost)  
  23  2:12  Warp Gate  
  26  2:22  Probe  
  27  2:29  Stargate  
  27  2:32  Probe  
  27  2:34  Probe  
  31  2:37  Adept (Chrono Boost)  
  31  2:42  Probe  
  32  2:47  Probe  
  33  2:53  Probe  
  34  2:59  Probe  
  34  3:01  Adept (Chrono Boost)  
  34  3:03  Probe  
  38  3:08  Pylon  
  38  3:11  Probe  
  39  3:13  Oracle (Chrono Boost)  
  39  3:14  Probe  
  43  3:23  Probe  
  43  3:24  Probe  
  45  3:33  Gateway  
  45  3:34  Gateway  
  45  3:35  Probe x2  
  45  3:40  Pylon  
  47  3:46  Probe  
  47  3:47  Probe  
  49  3:49  Oracle (Chrono Boost)  
  52  3:56  Probe  
  52  3:59  Probe  
  54  4:06  Nexus  
  54  4:07  Probe  
  55  4:13  Pylon  
  55  4:14  Probe  
  56  4:21  Pylon  
  56  4:23  Probe  
  56  4:28  Probe, Assimilator  
  56  4:30  Assimilator  
  58  4:33  Probe  
  58  4:37  Stalker x2  
  58  4:38  Stalker  
  65  4:42  Probe  
  66  4:45  Probe  
  67  4:57  Probe (Chrono Boost)  
  67  4:58  Probe (Chrono Boost)  
  67  4:59  Pylon  
  69  5:00  Stalker x2  
  69  5:02  Stalker  
  74  5:09  Probe (Chrono Boost)  
  73  5:19  Probe (Chrono Boost)  
  73  5:20  Probe (Chrono Boost)  
  75  5:23  Twilight Council  
  75  5:24  Forge  
  66  5:36  Probe (Chrono Boost)  
  66  5:38  Stalker x3  
  66  5:40  Probe (Chrono Boost)  
  66  5:41  Probe (Chrono Boost), Oracle  
  76  5:46  Probe (Chrono Boost)  
  76  5:47  Robotics Facility  
  77  5:50  Mothership Core (Chrono Boost)  
  77  5:51  Protoss Ground Weapons Level 1, Probe (Chrono Boost)  
  77  5:54  Resonating Glaives (Chrono Boost)  
  81  5:57  Probe (Chrono Boost)  
  81  6:02  Probe (Chrono Boost)  
  82  6:07  Probe x2  
  82  6:09  Gateway  
  84  6:11  Gateway x2  
  84  6:16  Sentry x2  
  84  6:17  Adept  
  86  6:28  Phoenix (Chrono Boost)  
  86  6:32  Probe x2, Pylon  
  87  6:40  Adept x3  
  87  6:45  Gateway x2  
  89  6:47  Pylon  
  89  6:55  Pylon  
  89  6:59  Probe  
  90  7:02  Observer  
  90  7:13  Adept  
  90  7:14  Adept x4  
  101  7:15  Probe  
  101  7:17  Probe  
  101  7:20  Pylon  
  101  7:21  Pylon  
  101  7:22  Pylon  
  102  7:24  Adept  
  103  7:35  Adept x4  
  103  7:36  Adept  
  113  7:37  Warp Prism  
  115  7:53  Stalker x3  
  119  7:59  Adept  
  119  8:00  Adept x3  
  117  8:24  Probe x3  
  120  8:27  Adept x4  
  120  8:28  Adept x4  
  120  8:32  Pylon  
  119  8:51  Adept x4  
  85  9:14  Adept x3  
Show
View Real Time Build Order
Export as new Build Order

SpeCial Terran - Winner!

Build Orders: MMM Bio 

Get SALT Encoding   

  12  0:00  SCV  
  13  0:12  SCV  
  14  0:17  Supply Depot  
  14  0:25  SCV  
  15  0:38  SCV  
  15  0:40  Barracks  
  16  0:44  Refinery  
  16  0:50  SCV  
  17  1:02  SCV  
  18  1:14  SCV  
  19  1:27  Orbital Command, Marine  
  20  1:43  Command Center  
  20  1:47  Barracks Reactor  
  20  1:53  SCV  
  21  2:00  Supply Depot  
  21  2:05  SCV  
  22  2:12  Factory  
  22  2:18  SCV  
  22  2:21  Refinery  
  23  2:24  Marine  
  23  2:25  Reaper  
  25  2:30  SCV  
  26  2:42  Marine, SCV  
  28  2:54  SCV  
  28  2:56  Starport  
  28  2:57  Orbital Command, Marine  
  30  3:00  Widow Mine  
  30  3:04  Marine  
  33  3:07  SCV  
  34  3:16  Barracks  
  34  3:20  SCV  
  34  3:23  SCV  
  34  3:25  Marine  
  37  3:29  Marine  
  37  3:32  Factory Tech Lab, SCV  
  39  3:37  SCV  
  39  3:40  Supply Depot  
  40  3:44  Viking  
  40  3:48  Marine x2  
  42  3:51  SCV  
  42  3:52  SCV  
  46  4:03  Supply Depot, SCV  
  46  4:04  SCV  
  48  4:11  Marine x2  
  48  4:12  Factory Tech Lab, Marine  
  48  4:14  Stimpack  
  48  4:15  SCV  
  48  4:16  SCV  
  53  4:20  Supply Depot  
  53  4:27  Supply Depot, SCV  
  53  4:28  SCV  
  55  4:32  Siege Tank  
  57  4:39  SCV  
  57  4:40  SCV  
  57  4:42  Liberator, Marine  
  57  4:43  Marine  
  61  4:51  Supply Depot, SCV  
  61  4:52  Barracks  
  62  4:53  SCV  
  62  4:58  Marine  
  66  5:00  Marine  
  66  5:03  SCV  
  66  5:05  SCV  
  69  5:08  Siege Tank  
  72  5:15  SCV  
  72  5:16  Supply Depot  
  72  5:17  SCV  
  72  5:18  Marine x2  
  73  5:25  Refinery  
  73  5:28  Marine, SCV, Engineering Bay  
  68  5:29  SCV  
  58  5:35  Marine  
  58  5:40  SCV  
  58  5:41  SCV  
  59  5:44  Siege Tank  
  59  5:45  Marine x2  
  63  5:52  SCV  
  63  5:53  SCV  
  63  5:55  Terran Infantry Weapons Level 1  
  62  6:04  Marine x2, SCV  
  62  6:05  SCV  
  62  6:07  Starport Reactor  
  65  6:14  Supply Depot, Marine  
  65  6:16  Supply Depot, SCV, Missile Turret  
  65  6:17  SCV  
  68  6:18  Combat Shields  
  68  6:23  Factory Reactor  
  68  6:25  Marine  
  68  6:26  Marine x2  
  68  6:28  SCV  
  68  6:29  SCV  
  73  6:37  Marine  
  74  6:40  SCV  
  74  6:41  SCV  
  74  6:43  Marine x2  
  78  6:49  Command Center, Medivac x2  
  78  6:50  Marine  
  78  6:52  SCV  
  82  6:55  Marine  
  82  6:58  Supply Depot  
  82  7:00  Refinery  
  83  7:01  Marine  
  83  7:02  Widow Mine  
  83  7:03  Widow Mine  
  83  7:06  Missile Turret  
  83  7:08  Marine  
  88  7:09  Marauder  
  91  7:16  Supply Depot  
  91  7:19  Marine  
  91  7:21  Barracks  
  92  7:23  Barracks  
  92  7:25  SCV  
  93  7:30  Bunker  
  93  7:33  Marine  
  93  7:34  Marauder x2  
  93  7:35  Widow Mine  
  93  7:36  Medivac  
  93  7:37  Marine  
  102  7:40  Widow Mine  
  102  7:43  Medivac  
  107  7:46  SCV x2  
  102  7:51  Liberator  
  102  7:53  Marine  
  94  7:58  SCV x2  
  94  8:01  Marine  
  94  8:02  Orbital Command  
  94  8:03  Widow Mine  
  98  8:08  Widow Mine  
  98  8:10  Marine  
  104  8:14  SCV x2  
  104  8:17  Barracks Tech Lab  
  104  8:18  Barracks Reactor  
  104  8:19  Marine, Marauder  
  107  8:23  Medivac  
  109  8:28  Marine  
  109  8:30  SCV x3  
  113  8:37  Marine  
  113  8:42  Marauder  
  113  8:45  SCV x2  
  113  8:46  Marine  
  113  8:47  Supply Depot  
  119  8:48  Widow Mine  
  119  8:54  Marine  
  123  8:57  Marine x2, SCV  
  123  8:58  Marauder  
Tags
 
Add a new tag
Caveats
  • Supply blocks, unpowered buildings, or Contaminate may cause inaccurate times.
  • Supply counts are checked every 10 seconds.